 Dungeon Crawl Stone Soup version 0.26.0-10-g1f06aea511 (webtiles) character file.

Game seed: 17915683793686871725

444 Borgoz the Slasher (level 7, -9/59 HPs)
             Began as a Ghoul Gladiator on Jan 30, 2021.
             Was an Initiate of Ashenzari.
             Mangled by Dowan
             ... wielding a +1 dagger of electrocution
              (15 damage)
             ... while paralysed
             ... on level 5 of the Dungeon.
             The game lasted 00:04:54 (4730 turns).

Borgoz the Slasher (Ghoul Gladiator)                Turns: 4730, Time: 00:04:55

Health: -9/59      AC: 11    Str: 16 (18) XL:     7   Next: 3%
Magic:  6/6        EV:  2    Int:  0 (3)  God:    Ashenzari [......]
Gold:   284        SH:  0    Dex: 11 (12) Spells: 6/6 levels left

rFire    . . .     SeeInvis .   a - +0 long sword
rCold    + . .     Faith    .   i - +0 buckler
rNeg     + + +     Spirit   .   b - +0 leather armour
rPois    ∞         Reflect  .   c - +0 helmet
rElec    .         Harm     .   (no cloak)
rCorr    .         Rampage  .   q - +2 pair of gloves
Will     .....                  (no boots)
Stlth    +.........             (no amulet)
HPRegen  0.00/turn              s - +4 ring of protection
MPRegen  0.10/turn              (no ring)

@: paralysed, slowed, lost intelligence
A: claws 1, cold resistance 1, negative energy resistance 3, inhibited
regeneration, torment resistance, unbreathing
a: Renounce Religion, Curse Item


You were on level 5 of the Dungeon.
You worshipped Ashenzari.
Ashenzari was noncommittal.
You visited 1 branch of the dungeon, and saw 5 of its levels.

You collected 284 gold pieces.

Inventory:

Hand Weapons
 a - a +0 long sword (weapon)
Armour
 b - a +0 leather armour (worn)
 c - a +0 helmet (worn)
 i - a +0 buckler (worn)
 q - a +2 pair of gloves (worn)
Jewellery
 k - a +6 ring of intelligence
 s - a +4 ring of protection (left hand)
 y - an uncursed ring of fire
Wands
 u - a wand of paralysis (10)
Scrolls
 g - a scroll of fog {unknown}
 j - a scroll of magic mapping {unknown}
 l - 4 scrolls of remove curse
 m - a scroll of noise {unknown}
 n - a scroll of teleportation {unknown}
 v - a scroll of blinking {unknown}
 w - a scroll of enchant armour
Potions
 o - 3 potions of heal wounds {unknown}
 p - a potion of might {unknown}
 z - a potion of resistance


   Skills:
 + Level 4.0 Fighting
 * Level 4.8 Long Blades
 - Level 1.7 Throwing
 + Level 2.6 Armour
 + Level 3.8 Dodging
 + Level 0.3 Shields


You had 6 spell levels left.
You didn't know any spells.
Your spell library contained the following spells:

 Spells                   Type           Power        Failure   Level
 Ensorcelled Hibernation  Hex/Ice        0%           91%         2
 Borgnjor's Vile Clutch   Necr/Erth      0%           100%        5
 Silence                  Hex/Air        0%           100%        5
 Shadow Creatures         Summ           N/A          100%        6


Dungeon Overview and Level Annotations

Branches:
Dungeon (5/15)
 Temple: D:4-7

Altars:
Ashenzari
Kikubaaqudgha
Ru
Vehumet

Shops:
D:4 [

Annotations:
D:5 Dowan, Duvessa


Innate Abilities, Weirdness & Mutations

You thrive by killing the living.
You are immune to poison.
You have sharp fingernails.
Your flesh is cold resistant. (rC+)
You are immune to negative energy. (rN+++)
You do not regenerate when monsters are visible.
You are immune to unholy pain and torment.
You can survive without breathing.


Message History

Duvessa struggles against the net. x2; Dowan hits you but does no damage.
You are electrocuted!
* * * LOW HITPOINT WARNING * * *
You hit Duvessa but do no damage.
Duvessa is moderately wounded.
Duvessa struggles against the net. x2
The net rips apart, and Duvessa comes free!
Dowan closely misses you.
It was a potion of degeneration.
There was something very wrong with that liquid.
You feel weakened.
You feel dopey.
You have lost your intelligence.
You feel clumsy. Duvessa hits you but does no damage. Dowan barely misses you.
Duvessa hits you with a +0 short sword!
* * * LOW HITPOINT WARNING * * *
Duvessa hits you but does no damage.
Dowan hits you with a +1 dagger of electrocution.
* * * LOW HITPOINT WARNING * * *
You are electrocuted!
You die...

#### ####### .
#..##.#....# ..
#.....#....# ...
#.....#....# ....
#.....#....# .....
#e@...#....#
......#e#####....#
#.............###
#.............#
#.............#
#.............#
###+##......###
#....(<# #......#


You could see Duvessa (fast) and Dowan.

Vanquished Creatures
  A phantom (D:4)
  A jelly (D:5)
  2 orc priests (D:3)
  2 centaur skeletons (D:4)
  An orc wizard (D:3)
  3 gnolls (D:4)
  6 adders
  An ooze (D:3)
  5 worms
  A dart slug (D:3)
  3 leopard geckos (D:2)
  8 orcs
  A ball python (D:3)
  9 giant cockroaches
  8 goblins
  11 hobgoblins
  2 quokkas (D:2)
  6 bats
  3 frilled lizards
  8 kobolds
  9 rats
91 creatures vanquished.

Notes
Turn   | Place    | Note
-------+----------+-------------------------------------------
     0 | D:1      | Borgoz the Ghoul Gladiator began the quest for the Orb.
     0 | D:1      | Reached XP level 1. HP: 17/17 MP: 0/0
   293 | D:1      | Reached XP level 2. HP: 11/25 MP: 1/1
   913 | D:1      | Reached XP level 3. HP: 29/30 MP: 2/2
  1594 | D:2      | You fall into a shaft and drop 1 floor!
  1608 | D:3      | Reached skill level 1 in Armour
  1624 | D:3      | Reached XP level 4. HP: 29/37 MP: 3/3
  1989 | D:2      | Reached XP level 5. HP: 45/45 MP: 4/4
  2610 | D:3      | Found a broken altar of Ashenzari.
  2622 | D:3      | Found a radiant altar of Vehumet.
  2651 | D:3      | Became a worshipper of Ashenzari the Shackled
  2708 | D:3      | Found a sacrificial altar of Ru.
  3333 | D:3      | Reached XP level 6. HP: 51/51 MP: 5/5
  3509 | D:4      | Noticed a phantom
  3568 | D:4      | Killed a phantom
  4021 | D:4      | Found an ancient bone altar of Kikubaaqudgha.
  4529 | D:4      | Found Piuminn's Antique Armour Boutique.
  4697 | D:5      | Entered Level 5 of the Dungeon
  4707 | D:5      | Noticed Dowan
  4708 | D:5      | Noticed Duvessa
  4724 | D:5      | Reached XP level 7. HP: 20/59 MP: 6/6
  4729 | D:5      | Lost intelligence.
  4730 | D:5      | Mangled by Dowan

Illustrated notes

Levels and vault maps discovered:
D:1:      scummos_arrival_checkerplants, layout_loops_corners, serial_rivers,
          chequers_serial_rivers_marsh, chequers_serial_rivers_room_a,
          chequers_serial_rivers_large_a, chequers_serial_rivers_micro_c,
          chequers_serial_rivers_room_a
D:2:      layout_loops_ring, serial_aquarium, aquarium_bridge_island_small
          [aquarium_subvault_small_open, aquarium_subvault_balcony,
          aquarium_subvault_bridge, aquarium_subvault_bridge,
          aquarium_subvault_bridge], aquarium_bridge_square
          [aquarium_subvault_window, aquarium_subvault_wall,
          aquarium_subvault_bridge, aquarium_subvault_wall],
          aquarium_window_corner, aquarium_window_fake, aquarium_window_corner,
          aquarium_view_2e, aquarium_view_2b, aquarium_pool_corner,
          minmay_unequal
D:3:      layout_loops_ring, vehumet_crystals, cheibrodos_ashenzari_chains,
          old_standard_altar
D:4:      layout_loops_corners, kennysheep_little_box, serial_shops,
          nicolae_shop_trees
D:5:      layout_gridville, chequers_serial_rivers_marsh, grunt_ministairs_3,
          minmay_manual_macuahuitl, uniq_duvessa, uniq_pikel, uniq_edmund

Skill      XL: |  1  2  3  4  5  6 |
---------------+-------------------+-----
Long Blades    | 3 4 |  4.8
Dodging        | 3 |  3.8
Armour         | 1 2 |  2.6
Fighting       | 3 4 |  4.0
Throwing       | |  1.7
Shields        | |  0.3

Action                   |  1- 3 |  4- 6 |  7- 9 || total
-------------------------+-------+-------+-------++-------
Melee: Long sword        |    86 |   290 |     2 ||   378
Throw: Throwing net      |     1 |     2 |     1 ||     4
  Use: Scroll            |       |     6 |       ||     6
       Potion            |       |       |     3 ||     3
Armor: Leather armour    |    39 |   108 |     5 ||   152
Dodge: Dodged            |    47 |   172 |     3 ||   222
Block: Buckler           |     6 |    47 |       ||    53
       Rpst.: Long sword |    18 |    45 |       ||    63
